 Dungeon Crawl Stone Soup version 0.17.0-28-g6e173f8 (webtiles) character file.

485623 sugabear the Hoplite (level 24, -3/169 HPs)
             Began as a Gargoyle Fighter on Nov 26, 2015.
             Was a High Priest of the Shining One.
             Slain by a deep troll (11 damage)
             ... on level 2 of the Depths.
             The game lasted 04:07:32 (69195 turns).

sugabear the Hoplite (Gargoyle Fighter)            Turns: 69195, Time: 04:07:32

Health: -3/169     AC: 51    Str: 27    XL:     24   Next: 94%
Magic:  36/36      EV:  9    Int:  7    God:    the Shining One [*****.]
Gold:   5204       SH: 20    Dex: 17    Spells: 0 memorised, 23 levels left

rFire  + + +     SeeInvis .     M - +4 rod of the swarm (16/16)
rCold  + + .     Clarity  +     A - +7 chain mail "Rig Doups" {rC+ MR- Slay+2}
rNeg   + + +     SustAt   .     R - +2 shield {rN+}
rPois  ∞         Gourm    .     K - +2 hat
rElec  +         Spirit   .     W - +1 cloak {rF+}
rCorr  .         Warding  .     F - +2 pair of gloves
rMut   .         Stasis   .     w - +2 pair of boots of Trumpets {rPois rF+}
MR     +++++                    i - amulet of the Four Winds {Clar rN+ MR+++}
Stlth  ..........               b - ring of Fun {MR+ Dex+3}
                                n - ring of Irejoga {rC+ Int-3 Dex+3}

@: about to teleport, flying, glowing, almost entirely resistant to hostile
enchantments, extremely unstealthy
A: big wings, hooves 1, horns 1, clumsy 1, fire resistance 1, magic resistance
1, negative energy resistance 1, robust 1, electricity resistance, spit poison
1, wild magic 2, unbreathing, petrification resistance, rot immunity, MP-powered
wands, AC +17
a: Spit Poison, Stop Flying, Divine Shield, Cleansing Flame, Summon Divine
Warrior, Renounce Religion
}: 2/15 runes: serpentine, barnacled


You were on level 2 of the Depths.
You worshipped the Shining One.
The Shining One was extremely pleased with you.
You were not hungry.

You visited 11 branches of the dungeon, and saw 50 of its levels.
You also visited: Labyrinth, Ice Cave, Volcano and Wizlab.

You collected 7357 gold pieces.
You spent 2153 gold pieces at shops.

Inventory:

Hand Weapons
 g - a +9 eudemon blade of holy wrath
 y - the +9 spear of Bofymeti {elec, MR+ MP+9 Int+3 SInv}
   (You found it on level 5 of the Dungeon)

   Occasionally, upon striking a foe, it will discharge some electrical energy
   and cause terrible harm.
   It affects your intelligence (+3).
   It affects your resistance to hostile enchantments.
   It affects your magic capacity (+9).
   It lets you see invisible.
 N - a +9 demon trident of freezing
 P - the +3 trident of Rubbish {antimagic, rElec rN+ MR- Str+8}
   (You bought it in a shop on level 4 of the Orcish Mines)

   It disrupts the flow of magical energy around spellcasters and certain
   magical creatures (including the wielder).
   It affects your strength (+8).
   It insulates you from electricity.
   It protects you from negative energy.
   It affects your resistance to hostile enchantments.
Armour
 s - a +2 shield of reflection
 w - the +2 pair of boots of Trumpets (worn) {rPois rF+}
   (You found it on level 4 of the Dungeon)

   It protects you from fire.
   It protects you from poison.
 A - the +7 chain mail "Rig Doups" (worn) {rC+ MR- Slay+2}
   (You took it off a deep elf priest on level 3 of the Elven Halls)

   It affects your accuracy and damage with ranged weapons and melee attacks
   (+2).
   It protects you from cold.
   It affects your resistance to hostile enchantments.
 F - a +2 pair of gloves (worn)
 H - a +1 plate armour of cold resistance
 K - a +2 hat (worn)
 R - a +2 shield of positive energy (worn)
 W - a +1 cloak of fire resistance (worn)
Rods
 M - a +4 rod of the swarm (16/16) (weapon)
   (You found it on level 9 of the Dungeon)
 S - a +2 lightning rod (16/16)
   (You found it on level 1 of the Elven Halls)
Jewellery
 b - the ring of Fun (right hand) {MR+ Dex+3}
   (You took it off a deep elf knight on level 3 of the Elven Halls)

   [ring of protection from magic]

   It affects your dexterity (+3).
   It affects your resistance to hostile enchantments.
 i - the amulet of the Four Winds (around neck) {Clar rN+ MR+++}
   (You found it on level 15 of the Dungeon)

   [amulet of clarity]

   It provides mental clarity.
   It protects you from negative energy.
   It affects your resistance to hostile enchantments.
 j - an uncursed ring of protection from cold
 k - an uncursed ring of see invisible
 n - the ring of Irejoga (left hand) {rC+ Int-3 Dex+3}
   (You found it in a labyrinth)

   [ring of intelligence]

   It affects your intelligence (-3).
   It affects your dexterity (+3).
   It protects you from cold.
 q - an uncursed ring of sustain attributes
 D - an uncursed amulet of resist corrosion
 L - an uncursed ring of protection from fire
 Z - an uncursed amulet of resist mutation
Wands
 c - a wand of digging (8)
 m - a wand of disintegration (13)
 t - a wand of teleportation (5)
Scrolls
 f - 25 scrolls of remove curse
 h - 11 scrolls of identify
 o - 11 scrolls of magic mapping
 p - 8 scrolls of enchant weapon
 u - a scroll of brand weapon
 C - 3 scrolls of fear
 O - a scroll of holy word
 T - 2 scrolls of silence
 U - a scroll of recharging
 X - 7 scrolls of teleportation
 Y - 5 scrolls of enchant armour
Potions
 d - 5 potions of might
 l - a potion of magic
 v - 13 potions of mutation
 x - 4 potions of cure mutation
 z - 12 potions of agility
 B - 12 potions of haste
 E - 3 potions of invisibility
 G - 2 potions of beneficial mutation
 I - 4 potions of curing
 J - a potion of cancellation
 Q - 6 potions of resistance
 V - 7 potions of brilliance
Comestibles
 e - 15 bread rations
 r - 16 meat rations


   Skills:
 + Level 16.4 Fighting
 * Level 6.1 Long Blades
   Level 3.3(11.4) Axes
 + Level 16.2(16.4) Polearms
 + Level 17.3 Armour
 + Level 22.2 Shields
 * Level 19.3 Invocations
 * Level 15.4 Evocations


You had 23 spell levels left.
You didn't know any spells.

Dungeon Overview and Level Annotations

Branches:
Dungeon (15/15)            Temple (1/1) D:6            Lair (8/8) D:9
 Shoals (4/4) Lair:4        Snake (4/4) Lair:4        Slime (0/6) Lair:6
    Orc (4/4) D:12            Elf (3/3) Orc:4        Vaults (4/5) D:13
  Crypt (3/3) Vaults:2       Tomb (1/3) Crypt:3      Depths (2/5) D:15

Altars:
Ashenzari
Cheibriados
Dithmenos
Elyvilon
Fedhas
Gozag
Kikubaaqudgha
Makhleb
Nemelex Xobeh
Okawaru
Qazlal
Ru
Sif Muna
Trog
Vehumet
Xom
Yredelemnul
Zin
The Shining One
Beogh

Shops:
D:6 }   D:8 :   D:9 [   Orc:2 *   Orc:4 =(*[   Elf:1 *}*!   Elf:2 (   Snake:3 (
Snake:4 *   Vaults:1 %   Vaults:4 *

Portals:
Hell: Depths:2
Abyss: Depths:2


Innate Abilities, Weirdness & Mutations

You are resistant to torment.
Your stone body is resilient (AC +17).
You are immune to poison.
Your large and strong wings let you fly indefinitely.
You resist negative energy.
You are resistant to electric shocks.
You can survive without breathing.
You are immune to petrification.
You are immune to rotting.
You have large cloven feet.
You have a pair of small horns on your head.
You are clumsy. (Dex -2)
Your flesh is heat resistant.
You are resistant to hostile enchantments.
You are robust (+10% HP).
You can spit weak poison.
Your spells are harder to cast, but more powerful.
You expend magic power (3 MP) to strengthen your wands.


Message History

The juggernaut barely misses you.
There is a huge open gate here.
Your rod of the swarm has recharged.
You block the juggernaut's attack.
There is a huge open gate here.
Drink which item? (? for menu, Esc to quit)
You feel better.
Drink which item? (? for menu, Esc to quit)
You feel better. You block the juggernaut's attack.
You block the deep troll's attack. x2
The deep troll barely misses you. You block the red ugly thing's attack.
You block the deep troll's attack. x2
The deep troll barely misses you. The juggernaut hits you!!!
* * * LOW HITPOINT WARNING * * *
Unknown command.
Read which item? (? for menu, Esc to quit)
As you read the scroll of teleportation, it crumbles to dust.
You feel strangely unstable. You block the red ugly thing's attack.
The deep troll bites you!
You die...

#### #..### ##....##
############## #^.....##
####.....##.....####......##
##........''........###.##..##
..........''..Cu.8....##.#..<##
..........##...T@......##.##..##
.....############.......##.#8..##
...###..........###.....###.##..#
.###.#C§....C...#.###..''###.#...
##..TD'...8...)T'...###''..##....
#!..uu#........#.....###....##...
.≈≈.TT##########......##.....#...
≈...'T ###..8..##....##.' ≈(.##.
##.....#..##.##'


You could see a juggernaut, a red ugly thing and a deep troll.

Vanquished Creatures
  A greater mummy (Tomb:1)
  Frederick (Crypt:3)
  Saint Roka (Vaults:2)
  Vashnia (Snake:3)
  2 tentacled monstrosities
  Nikola (Snake:3)
  Jory (Crypt:3)
  Xtahua (Crypt:1)
  A profane servitor (Crypt:3)
  A bone dragon (Crypt:3)
  2 liches
  The ghost of braveplatypus the Executioner, an adept DDBe of Trog (Elf:3)
  Jorgrun (Shoals:2)
  Asterion (Vaults:2)
  2 deep elf blademasters (Elf:3)
  A deep elf master archer (Elf:3)
  A kraken (Shoals:2)
  Polyphemus (Shoals:2)
  8 sphinxes
  5 ancient champions
  Agnes (Elf:2)
  A storm dragon (Vaults:4)
  Roxanne (Shoals:2)
  5 greater nagas
  5 revenants
  Ilsuiw (Shoals:4)
  Wiglaf (Vaults:3)
  3 fire giants
  2 frost giants
  Donald (Shoals:4)
  Aizul (Snake:2)
  5 deep elf sorcerers
  An orc warlord (Orc:4)
  3 curse skulls
  5 ghouls
  A juggernaut zombie (Crypt:2)
  15 vault wardens
  A reaper (Crypt:2)
  17 ironheart preservers
  6 very ugly things
  3 stone giants
  2 vampire knights
  8 deep elf demonologists
  Nessos (D:15)
  2 salamander stormcallers (Vaults:4)
  6 deep elf annihilators
  4 dire elephants (Lair:8)
  4 ettins
  5 fire dragons
  7 deep elf death magi
  2 merfolk javelineers (Shoals:4)
  An eidolon (Crypt:2)
  8 merfolk impalers
  A crystal guardian (Vaults:2)
  A great orb of eyes (shapeshifter) (WizLab)
  A quicksilver dragon zombie (Crypt:2)
  3 deep elf high priests
  2 great orbs of eyes
  17 vault guards
  A minotaur (Lab)
  10 hydras
  3 quicksilver dragon skeletons (Crypt:1)
  An entropy weaver (D:15)
  23 jiangshi
  7 yaktaur captains
  5 ice dragons
  2 rakshasas
  14 naga warriors
  2 alligator snapping turtles
  4 centaur warriors
  A catoblepas (Shoals:2)
  A merfolk avatar (Shoals:4)
  2 merfolk aquamancers
  A queen ant (Lair:8)
  An anaconda (shapeshifter) (WizLab)
  4 tengu warriors
  6 anacondas
  5 deep troll shamans
  16 dancing weapons
  11 ogre magi
  11 death yaks
  5 vampire magi
  5 death knights
  4 shock serpents
  4 naga sharpshooters
  5 orc high priests
  A soul eater (Crypt:2)
  21 deep elf knights
  A fire crab (Vaults:1)
  A hell knight (Crypt:3)
  36 skeletal warriors
  2 fire crabs (shapeshifter) (WizLab)
  3 shadow wraiths
  2 titan skeletons
  An iron golem (WizLab)
  A salamander mystic (Snake:4)
  16 deep trolls
  3 storm dragon skeletons (Crypt:2)
  A giant orange brain (Depths:1)
  A ghost moth zombie (Crypt:3)
  6 death scarabs (Tomb:1)
  An unseen horror (shapeshifter) (WizLab)
  7 naga ritualists
  2 wizards (D:15)
  A lindwurm (Lair:7)
  5 sea snakes
  10 deep elf summoners
  6 flayed ghosts
  5 unseen horrors
  6 mana vipers
  6 hill giants
  2 anubis guards (Tomb:1)
  2 tengu zombies
  6 orc knights
  7 necromancers
  A wolf spider zombie (D:13)
  2 harpies (shapeshifter) (WizLab)
  A sphinx zombie (Vaults:4)
  16 harpies
  13 ironbrand convokers
  8 phantasmal warriors
  61 ugly things
  4 hornets
  16 deep elf conjurers
  2 salamanders (shapeshifter)
  7 large abominations (WizLab)
  A stone giant zombie (D:15)
  6 cyclopes
  10 griffons
  2 human zombies
  A tengu skeleton (Vaults:4)
  5 elephants
  3 orc sorcerers
  5 slime creatures
  10 manticores
  4 water nymphs
  A hornet (shapeshifter) (Vaults:1)
  3 frost giant zombies
  5 wolf spiders
  4 fauns
  7 salamanders
  An octopode (shapeshifter) (WizLab)
  2 black mambas (shapeshifter)
  An iron dragon skeleton (Crypt:3)
  18 naga magi
  11 spiny frogs
  2 human skeletons
  10 sirens
  An ice statue (IceCv)
  A guardian serpent (shapeshifter) (Vaults:2)
  4 guardian serpents
  5 gargoyles
  14 vault sentinels
  A storm dragon simulacrum (Crypt:1)
  6 komodo dragons
  32 black mambas
  A grey draconian zombie (Crypt:1)
  2 spiny frogs (shapeshifter) (WizLab)
  36 yaktaurs
  An emperor scorpion zombie (Tomb:1)
  10 centaur skeletons
  A death yak zombie (Crypt:1)
  A white draconian zombie (Crypt:1)
  2 yaktaurs (shapeshifter) (WizLab)
  A komodo dragon (shapeshifter) (WizLab)
  2 efreet (D:15)
  4 fire drakes
  2 tengu conjurers
  A kobold demonologist (D:15)
  2 fire drakes (shapeshifter) (WizLab)
  A grey draconian skeleton (Crypt:2)
  A jumping spider (shapeshifter) (WizLab)
  3 guardian mummies (Tomb:1)
  30 merfolk
  6 trolls
  12 deep elf priests
  21 two-headed ogres
  A black draconian skeleton (Crypt:1)
  The ghost of Arctor the Destroyer, a novice GrWz (D:8)
  A raiju (shapeshifter) (WizLab)
  2 wind drakes
  A trapdoor spider zombie (D:11)
  15 polar bears
  11 freezing wraiths
  15 blink frogs
  An ettin zombie (Crypt:3)
  A blink frog (shapeshifter) (WizLab)
  4 boulder beetles
  4 bog bodies
  A fire giant simulacrum (Crypt:2)
  A stone giant simulacrum (Vaults:2)
  An ushabti (Tomb:1)
  A centaur simulacrum (D:15)
  An ice dragon zombie (D:15)
  10 snapping turtles
  6 shadows
  3 redbacks
  60 flying skulls
  A fire dragon skeleton (Crypt:1)
  A spriggan (D:7)
  5 water elementals
  A vampire (Crypt:1)
  A spriggan (shapeshifter) (WizLab)
  39 yaks
  5 trapdoor spiders
  13 wraiths
  A shock serpent simulacrum (Crypt:1)
  10 hippogriffs
  2 wyverns
  A hog (shapeshifter) (WizLab)
  2 ice dragon skeletons (Crypt:2)
  A mottled dragon (shapeshifter) (WizLab)
  The ghost of Dimlob the Insei, an amateur DsMo (D:4)
  31 deep elf fighters
  2 hogs (Volcano)
  A human (shapeshifter) (WizLab)
  A steam dragon (D:8)
  33 wolves
  31 deep elf magi
  A fire bat (shapeshifter) (WizLab)
  19 humans (D:13)
  5 hungry ghosts
  An emperor scorpion simulacrum (Crypt:3)
  A mottled dragon (Vaults:2)
  6 wargs
  21 water moccasins
  19 vampire mosquitoes
  A putrid demonspawn zombie (Crypt:2)
  9 porcupines
  62 nagas
  5 soldier ants (Lair:8)
  A spider (shapeshifter) (WizLab)
  38 orc warriors
  7 sky beasts
  5 phantoms
  A hell hound (Volcano)
  9 ice beasts
  8 spiders (D:14)
  An eye of draining (shapeshifter) (D:15)
  4 black bears
  A wasp (D:8)
  An ogre (shapeshifter) (Vaults:4)
  A spiny frog skeleton (Crypt:2)
  An eye of draining (D:13)
  35 ogres
  8 small abominations
  The ghost of Dimlob the Insei, an amateur DsMo (D:3)
  25 centaurs
  18 crocodiles
  A manticore skeleton (Crypt:2)
  6 necrophages
  5 big kobolds
  18 giant frogs
  A brain worm (Lair:7)
  A wyvern zombie (D:14)
  A wyvern skeleton (D:7)
  A water moccasin skeleton (D:8)
  2 troll zombies (D:12)
  4 scorpions
  12 killer bees
  4 wights
  An electric eel (Lair:4)
  4 lava snakes (Lab)
  10 crimson imps
  A wasp zombie (D:10)
  3 centaur zombies
  9 jellies
  A two-headed ogre skeleton (Crypt:1)
  2 giant frog skeletons
  5 hounds
  16 orc priests
  35 orc wizards
  4 quasits
  10 iguanas
  16 sheep
  19 worker ants
  A felid zombie (Crypt:2)
  5 ogre zombies (D:12)
  A hound skeleton (D:5)
  8 mummies (Tomb:1)
  8 gnolls
  A worker ant zombie (D:9)
  11 adders
  4 shadow imps
  12 white imps
  24 river rats
  A swamp drake skeleton (Crypt:2)
  3 giant eyeballs (WizLab)
  An ufetubus (Vaults:3)
  4 oozes
  An ooze (shapeshifter) (Elf:1)
  2 adder skeletons
  2 worms
  4 giant geckos
  208 orcs
  3 giant cockroaches
  10 goblins
  4 hobgoblins
  9 jackals
  28 kobolds
  5 quokkas
  11 bats
  A giant gecko skeleton (D:9)
  5 giant newts
  2 goblin skeletons (D:12)
  A goblin zombie (D:12)
  5 hobgoblin zombies (D:12)
  2 orc skeletons (D:12)
  12 orc zombies (D:12)
  8 rats
  A rat skeleton (Crypt:2)
  7 crawling corpses
  2 fire vortices (Vaults:4)
  A lost soul (Crypt:3)
  4 plants (Lair:8)
  7 tentacles (Shoals:2)
2211 creatures vanquished.

Vanquished Creatures (collateral kills)
  Mennas (Vaults:2)
  Norris (Snake:2)
  Rupert (Lair:4)
  A juggernaut zombie (D:15)
  A vault warden (Vaults:1)
  3 ironheart preservers
  A deep elf annihilator (Elf:3)
  A vault guard (Vaults:1)
  A merfolk javelineer (Shoals:4)
  A deep elf death mage (Elf:3)
  A merfolk impaler (Shoals:3)
  Josephine (D:10)
  A jiangshi (Crypt:3)
  A deep elf high priest (Elf:2)
  4 hydras
  A merfolk avatar (Shoals:2)
  A dancing weapon (Elf:2)
  A centaur warrior (Vaults:1)
  A merfolk aquamancer (Shoals:4)
  3 death yaks
  Nergalle (D:10)
  A sea snake (Shoals:3)
  2 deep elf knights (Elf:3)
  A harpy (Shoals:2)
  An ironbrand convoker (Vaults:4)
  A wizard (D:13)
  2 orc knights
  A hill giant (D:15)
  An ugly thing (D:15)
  2 necromancers
  2 griffons (Vaults:1)
  An orc sorcerer (Orc:2)
  2 mana vipers (Snake:1)
  A manticore (D:9)
  A wolf spider (Vaults:4)
  A cyclops (Vaults:2)
  A siren (Shoals:2)
  2 elephants (Lair:8)
  A black mamba (Snake:4)
  An octopode (shapeshifter) (WizLab)
  3 naga magi (Snake:4)
  A dire elephant skeleton (Crypt:1)
  A human zombie (Vaults:2)
  A yaktaur (Vaults:2)
  A troll (D:9)
  A deep elf priest (Elf:3)
  A spiny frog (Lair:7)
  2 merfolk (Shoals:3)
  2 polar bears (IceCv)
  A trapdoor spider zombie (D:12)
  A bog body (Crypt:2)
  A flying skull (Crypt:3)
  4 yaks
  2 deep elf magi
  A human (D:13)
  A human (shapeshifter) (WizLab)
  A tarantella (shapeshifter) (WizLab)
  5 deep elf fighters
  A vampire mosquito (Vaults:1)
  2 orc warriors (Vaults:4)
  2 centaurs (Volcano)
  A tengu (shapeshifter) (WizLab)
  A human skeleton (Vaults:2)
  A crocodile (Lair:8)
  3 wights (D:12)
  2 orc wizards
  5 sheep
  An ogre zombie (D:12)
  A worker ant zombie (Crypt:2)
  4 river rats (Lair:2)
  A shadow imp (D:12)
  A giant eyeball (WizLab)
  A white imp (Orc:4)
  A worm zombie (Crypt:2)
  9 orcs (Orc:3)
  2 goblin zombies (D:12)
  An orc zombie (D:12)
  2 lost souls
125 creatures vanquished.

Vanquished Creatures (others)
  Mara (Snake:3)
  A deep elf master archer (Elf:3)
  A vault warden (Vaults:4)
  A yaktaur captain (Vaults:4)
  A satyr (Shoals:4)
  A centaur warrior (Vaults:1)
  A deep elf knight (Elf:3)
  A wolf spider (Vaults:4)
  An ugly thing (D:15)
  2 cyclopes
  8 yaktaurs
  2 deep elf fighters
  A deep elf mage (Vaults:1)
  2 wolves (IceCv)
  2 ogres
  A centaur (Shoals:4)
  A fire vortex (Vaults:4)
  12 fungi
  4 lost souls
  26 plants
  20 tentacles (Shoals:2)
  3023 tentacle segments (Shoals:2)
3113 creatures vanquished.

Grand Total: 5449 creatures vanquished

Notes
Turn   | Place    | Note
--------------------------------------------------------------
     0 | D:1      | sugabear the Gargoyle Fighter began the quest for the Orb.
     0 | D:1      | Reached XP level 1. HP: 14/14 MP: 1/1
   364 | D:1      | Reached XP level 2. HP: 19/19 MP: 2/2
   609 | D:2      | Found a basalt altar of Yredelemnul.
   615 | D:2      | Reached XP level 3. HP: 24/24 MP: 3/3
   695 | D:2      | Reached skill level 4 in Fighting
   929 | D:3      | Noticed Dimlob's ghost (amateur DsMo)
   935 | D:2      | Reached XP level 4. HP: 16/29 MP: 4/4
  1220 | D:3      | Found a sacrificial altar of Ru.
  1284 | D:2      | Found a deep blue altar of Sif Muna.
  1495 | D:2      | Reached XP level 5. HP: 33/33 MP: 5/5
  1584 | D:3      | Found a shadowy altar of Dithmenos.
  1692 | D:3      | Killed Dimlob's ghost
  2028 | D:3      | Reached XP level 6. HP: 37/39 MP: 6/6
  2195 | D:4      | Got a pair of slimy boots
  2201 | D:4      | Identified the +2 pair of boots of Trumpets {rPois rF+} (You found it on level 4 of the Dungeon)
  2437 | D:4      | Reached skill level 5 in Shields
  2669 | D:4      | Noticed Dimlob's ghost (amateur DsMo)
  3073 | D:4      | Killed Dimlob's ghost
  3073 | D:4      | Reached skill level 5 in Armour
  3073 | D:4      | Reached XP level 7. HP: 27/44 MP: 5/7
  3302 | D:5      | Entered Level 5 of the Dungeon
  3304 | D:5      | Got a warped spear
  3308 | D:4      | Identified the +9 spear of Bofymeti {elec, MR+ MP+9 Int+3 SInv} (You found it on level 5 of the Dungeon)
  3715 | D:5      | Found a white marble altar of Elyvilon.
  3760 | D:5      | Reached skill level 6 in Shields
  3842 | D:6      | Reached skill level 1 in Polearms
  3880 | D:6      | Reached XP level 8. HP: 45/48 MP: 8/8
  3884 | D:6      | Gained mutation: You possess an exceptional clarity of mind. [mutagenic meat]
  3885 | D:6      | Gained mutation: You are dopey. (Int -2) [mutagenic meat]
  3886 | D:6      | Gained mutation: You are frail (-10% HP). [mutagenic meat]
  3888 | D:6      | Gained mutation: You expend magic power (3 MP) to strengthen your wands. [mutagenic meat]
  3889 | D:6      | Gained mutation: You tend to lose your temper in combat. [mutagenic meat]
  3961 | D:6      | Found Xessoag's Gadget Boutique.
  4082 | D:6      | Found a staircase to the Ecumenical Temple.
  4091 | Temple   | Entered the Ecumenical Temple
  4543 | Temple   | Became a worshipper of Elyvilon the Healer
  4655 | D:6      | Reached skill level 5 in Fighting
  4711 | D:6      | Reached skill level 1 in Invocations
  4873 | D:6      | Found a glowing golden altar of the Shining One.
  5017 | D:6      | Reached skill level 7 in Shields
  5161 | D:7      | Reached * piety under Elyvilon
  5261 | D:7      | Reached XP level 9. HP: 48/48 MP: 11/11
  5397 | D:7      | Reached skill level 8 in Shields
  5714 | D:7      | Found an ancient bone altar of Kikubaaqudgha.
  5714 | D:7      | Found a radiant altar of Vehumet.
  5958 | D:8      | Noticed Arctor's ghost (novice GrWz)
  5971 | D:8      | Reached ** piety under Elyvilon
  5982 | D:8      | Killed Arctor's ghost
  6163 | D:8      | Found Jeanorhu's Book Shoppe.
  6252 | D:8      | Reached skill level 9 in Shields
  6463 | D:8      | Reached XP level 10. HP: 54/54 MP: 13/13
  6629 | D:9      | Reached skill level 5 in Invocations
  6684 | D:9      | Found a staircase to the Lair.
  6820 | D:10     | Entered Level 10 of the Dungeon
  6842 | D:9      | Found Feqym's Armour Emporium.
  6845 | D:9      | Identified a +0 rod of the swarm (13/13) (You found it on level 9 of the Dungeon)
  7172 | D:9      | Noticed a manticore
  7179 | D:9      | Killed a manticore
  7681 | D:10     | Noticed Josephine
  7856 | D:9      | Reached skill level 10 in Shields
  7856 | D:9      | Reached skill level 1 in Evocations
  7884 | D:10     | Killed Josephine
  8061 | D:10     | Reached skill level 10 in Armour
  8061 | D:10     | Reached XP level 11. HP: 59/59 MP: 16/16
  8113 | D:11     | Noticed a manticore
  8124 | D:11     | Killed a manticore
  8235 | D:10     | Gained mutation: You are resistant to hostile enchantments. [mutagenic meat]
  8237 | D:10     | Gained mutation: Your flesh is heat resistant. [mutagenic meat]
  8299 | D:10     | Noticed Nergalle
  8337 | D:10     | Killed Nergalle
  8348 | D:10     | Reached *** piety under Elyvilon
  8544 | D:10     | Noticed an unseen horror
  8551 | D:10     | Killed an unseen horror
  8551 | D:10     | Reached skill level 5 in Polearms
  8684 | D:11     | Noticed an unseen horror
  8695 | D:11     | Killed an unseen horror
  8812 | D:11     | Reached skill level 11 in Shields
  9134 | D:11     | Got an ichor-stained rapier
  9135 | D:11     | Identified the +6 rapier of Terror {holy, rElec Dex+2} (You found it on level 11 of the Dungeon)
  9169 | D:11     | Noticed a seven-headed hydra
  9179 | D:11     | Killed a seven-headed hydra
  9590 | D:13     | Noticed a four-headed hydra
  9689 | D:12     | Reached XP level 12. HP: 51/64 MP: 13/18
 10126 | D:13     | Reached **** piety under Elyvilon
 10142 | D:12     | Noticed a hill giant
 10152 | D:12     | Killed a hill giant
 10272 | D:12     | Found a staircase to the Orcish Mines.
 10318 | D:12     | Noticed an unseen horror
 10322 | D:12     | Killed an unseen horror
 10357 | D:12     | Gained mutation: Your spells are a little harder to cast, but a little more powerful. [mutagenic meat]
 10390 | D:12     | Gained mutation: You are agile. (Dex +2) [mutagenic meat]
 10672 | Orc:1    | Entered Level 1 of the Orcish Mines
 10682 | Orc:1    | Found a dark tunnel.
 10706 | Volcano  | Entered a volcano
 11203 | Orc:1    | Found a roughly hewn altar of Beogh.
 11723 | Orc:2    | Found Ceryih's General Store.
 11768 | Orc:2    | Bought a scroll of remove curse for 48 gold pieces
 11768 | Orc:2    | Bought a scroll of enchant weapon for 120 gold pieces
 12201 | Orc:3    | Reached ***** piety under Elyvilon
 12657 | Orc:4    | Entered Level 4 of the Orcish Mines
 12657 | Orc:4    | Found a staircase to the Elven Halls.
 12658 | Orc:4    | Found a frozen archway.
 12715 | IceCv    | Entered an ice cave
 12722 | IceCv    | Reached skill level 12 in Shields
 12848 | IceCv    | Reached skill level 5 in Evocations
 13762 | IceCv    | Reached XP level 13. HP: 64/71 MP: 20/20
 14021 | IceCv    | Noticed a frost giant
 14021 | IceCv    | Noticed a death yak
 14038 | IceCv    | Killed a death yak
 14047 | IceCv    | Killed a frost giant
 14465 | Orc:4    | Noticed an orc warlord
 14512 | Orc:4    | Noticed an orc high priest
 14760 | Orc:3    | Reached skill level 13 in Shields
 14782 | Orc:3    | Killed an orc high priest
 14782 | Orc:3    | Reached skill level 10 in Invocations
 14809 | Orc:4    | Killed an orc warlord
 15546 | Orc:4    | Noticed an orc high priest
 15557 | Orc:4    | Killed an orc high priest
 15571 | Orc:4    | Noticed an orc high priest
 15664 | Orc:4    | Killed an orc high priest
 15697 | Orc:4    | Found Tik Ipto's General Store.
 15707 | Orc:4    | Found Itaobos's Antique Armour Shoppe.
 15812 | Orc:4    | Noticed an orc high priest
 15827 | Orc:4    | Killed an orc high priest
 15910 | Orc:4    | Bought a scroll of identify for 22 gold pieces
 15925 | Orc:4    | Found Rekempif's Jewellery Emporium.
 15933 | Orc:4    | Bought an uncursed amulet of resist corrosion for 280 gold pieces
 15933 | Orc:4    | Bought a cursed amulet of inaccuracy for 28 gold pieces
 16350 | Orc:4    | Found Ceimo's Antique Weapon Shoppe.
 16358 | Orc:4    | Bought a crude trident for 238 gold pieces
 16358 | Orc:4    | Identified the +3 trident of Rubbish {antimagic, rElec rN+ MR- Str+8} (You bought it in a shop on level 4 of the Orcish Mines)
 17056 | D:11     | Noticed a centaur warrior
 17065 | D:11     | Killed a centaur warrior
 17127 | D:9      | Got a faintly glowing flail
 17128 | D:9      | Identified the +9 flail of Afaytuil {antimagic, rElec} (You found it on level 9 of the Dungeon)
 17157 | Lair:1   | Entered Level 1 of the Lair of Beasts
 17437 | Lair:1   | Gained mutation: You can spit weak poison. [potion of mutation]
 18187 | Lair:2   | Gained mutation: Your large and strong wings let you fly indefinitely. [Gargoyle growth]
 18187 | Lair:2   | Reached XP level 14. HP: 74/78 MP: 21/21
 19057 | Lair:3   | Reached skill level 10 in Fighting
 19313 | Lair:3   | Reached ****** piety under Elyvilon
 20239 | Lair:4   | Found a staircase to the Shoals.
 20315 | Lair:4   | Reached skill level 14 in Shields
 20335 | Lair:4   | Found a staircase to the Snake Pit.
 20843 | Lair:6   | Found a staircase to the Slime Pits.
 20919 | Lair:5   | Noticed Rupert
 21419 | Lair:5   | Paralysed by Rupert for 5 turns
 21465 | Lair:4   | Killed Rupert
 22318 | Lair:5   | Lost mutation: You are frail (-10% HP). [potion of mutation]
 22318 | Lair:5   | Lost mutation: You are dopey. (Int -2) [potion of mutation]
 22318 | Lair:5   | Gained mutation: You have a pair of small horns on your head. [potion of mutation]
 23237 | Lair:6   | Reached XP level 15. HP: 89/93 MP: 21/23
 23805 | Lair:8   | Entered Level 8 of the Lair of Beasts
 24757 | Lair:8   | Reached skill level 15 in Shields
 25831 | Lair:8   | Identified a scroll of acquirement
 26020 | Lair:4   | Reached skill level 10 in Polearms
 26171 | D:13     | Killed a four-headed hydra
 26453 | D:13     | Noticed a hill giant
 26459 | D:13     | Killed a hill giant
 26503 | D:13     | Noticed a hill giant
 26511 | D:13     | Killed a hill giant
 26551 | D:13     | Found a basalt altar of Yredelemnul.
 26888 | D:13     | Noticed a vault guard
 26901 | D:13     | Noticed a necromancer
 26915 | D:13     | Killed a vault guard
 26919 | D:13     | Killed a necromancer
 26924 | D:13     | Reached XP level 16. HP: 97/100 MP: 25/25
 26936 | D:13     | Noticed a wizard
 26937 | D:13     | Killed a wizard
 26938 | D:13     | Found a gate to the Vaults.
 27421 | D:15     | Entered Level 15 of the Dungeon
 27559 | D:15     | Noticed Nessos
 27602 | D:15     | Killed Nessos
 27617 | D:15     | Found a labyrinth entrance.
 27629 | Lab      | Entered a labyrinth
 27630 | Lab      | Lost mutation: You are agile. (Dex +2) [mutagenic meat]
 27632 | Lab      | Gained mutation: You have large cloven feet. [mutagenic meat]
 27634 | Lab      | Lost mutation: You possess an exceptional clarity of mind. [mutagenic meat]
 27635 | Lab      | Gained mutation: You are robust (+10% HP). [mutagenic meat]
 27636 | Lab      | Lost mutation: You tend to lose your temper in combat. [mutagenic meat]
 27783 | Lab      | Got an ichor-stained mace
 27861 | Lab      | Identified the +4 mace "Ogut Rotai" {crush, rC- rN+ Dex+5} (You found it in a labyrinth)
 27871 | Lab      | Got a shimmering iron ring
 27877 | Lab      | Identified the cursed ring of Irejoga {rC+ Int-3 Dex+3} (You found it in a labyrinth)
 28424 | D:15     | Found a staircase to the Depths.
 29330 | Elf:1    | Entered Level 1 of the Elven Halls
 29386 | Elf:1    | Found Vieddiuth's Distillery.
 29411 | Elf:1    | Found a magical portal.
 29420 | WizLab   | Entered Cigotuvi's Fleshworks
 29572 | WizLab   | Reached skill level 16 in Shields
 29694 | WizLab   | Paralysed by a giant eyeball for 3 turns
 29703 | WizLab   | Paralysed by a giant eyeball for 4 turns
 29709 | WizLab   | Paralysed by a giant eyeball for 2 turns
 29715 | WizLab   | Paralysed by a giant eyeball for 3 turns
 29723 | WizLab   | Paralysed by a giant eyeball for 3 turns
 29734 | WizLab   | Paralysed by a giant eyeball for 3 turns
 29743 | WizLab   | Paralysed by a giant eyeball for 4 turns
 29781 | WizLab   | Paralysed by a giant eyeball for 4 turns
 29789 | WizLab   | Paralysed by a giant eyeball for 2 turns
 29802 | WizLab   | Paralysed by a giant eyeball for 4 turns
 30290 | WizLab   | Identified the Incunabulum of Ashen Transmutation
 30298 | WizLab   | Identified Cigotuvi's Guide on Shape Shifting
 30466 | WizLab   | Noticed Cigotuvi's Monster
 30493 | WizLab   | Killed Cigotuvi's Monster
 30712 | Elf:1    | Bought a potion of haste for 130 gold pieces
 30712 | Elf:1    | Bought a potion of might for 52 gold pieces
 30719 | Elf:1    | Found an ancient bone altar of Kikubaaqudgha.
 30978 | Elf:1    | Found Hudexzaedgh's Assorted Antiques.
 30982 | Elf:1    | Bought a potion of heal wounds for 135 gold pieces
 30982 | Elf:1    | Bought a scroll of magic mapping for 94 gold pieces
 30982 | Elf:1    | Bought a scroll of identify for 54 gold pieces
 31001 | Elf:1    | Reached XP level 17. HP: 75/116 MP: 26/26
 31086 | Elf:1    | Reached skill level 10 in Evocations
 31088 | Elf:1    | Got a fine spear {drain}
 31349 | Elf:1    | Identified the +2 spear "Akuna" {drain, +Rage rN++ Str+3 Int-4} (You took it off a deep elf demonologist on level 1 of the Elven Halls)
 31450 | Elf:1    | HP: 3/116 [deep elf knight/orb of energy (13)]
 32000 | Elf:1    | Got a ripped robe
 32011 | Elf:1    | Identified the +2 robe of the Hunter {rF+ Int+3} (You took it off a deep elf conjurer on level 1 of the Elven Halls)
 32100 | Elf:1    | Found Pinuimp's Gadget Shop.
 32119 | Elf:1    | Found Tail's Assorted Antiques.
 32127 | Elf:1    | Bought a scroll of magic mapping for 87 gold pieces
 32127 | Elf:1    | Bought a scroll of identify for 50 gold pieces
 32195 | Elf:1    | Identified Vehumet's Guide on Attacks and Heat
 32660 | Elf:2    | Found Selam's Antique Weapon Shop.
 32681 | Elf:3    | Entered Level 3 of the Elven Halls
 32725 | Elf:3    | Noticed braveplatypus's ghost (adept DDBe)
 33165 | Elf:3    | Got a fine ring mail
 33385 | Elf:2    | Found a runed gate.
 33385 | Elf:2    | Found a runed gate.
 33406 | Elf:2    | Found a runed gate.
 33506 | Elf:2    | Noticed Agnes
 33541 | Elf:2    | Killed Agnes
 33989 | Elf:1    | Identified the +2 ring mail "Omin" {Str+4} (You found it on level 3 of the Elven Halls)
 35393 | Shoals:1 | Entered Level 1 of the Shoals
 36255 | Shoals:2 | Noticed Polyphemus
 36295 | Shoals:2 | Noticed Jorgrun
 36296 | Shoals:2 | Killed Polyphemus
 36301 | Shoals:2 | Reached XP level 18. HP: 88/124 MP: 28/28
 36321 | Shoals:2 | Reached skill level 17 in Shields
 36325 | Shoals:2 | Killed Jorgrun
 37095 | Shoals:2 | Noticed Roxanne
 37126 | Shoals:2 | Killed Roxanne
 37231 | Shoals:2 | Found a stormy altar of Qazlal.
 38794 | Shoals:4 | Entered Level 4 of the Shoals
 39141 | Shoals:4 | Noticed Donald
 39170 | Shoals:4 | Killed Donald
 39482 | Shoals:4 | Got a crystal spear
 39483 | Shoals:4 | Identified the +7 spear of Insufficient Pleasure {pain, MP+9} (You found it on level 4 of the Shoals)
 39726 | Shoals:4 | Noticed Ilsuiw
 39822 | Shoals:4 | Killed Ilsuiw
 40211 | Shoals:4 | Got a wavering tin ring
 40213 | Shoals:4 | Identified the ring of Cyazacit {rElec rPois MR- Int+9} (You took it off a merfolk on level 4 of the Shoals)
 40405 | Shoals:4 | Reached skill level 15 in Invocations
 40588 | Shoals:4 | Reached skill level 15 in Armour
 40716 | Shoals:4 | Got a barnacled rune of Zot
 41089 | Snake:1  | Entered Level 1 of the Snake Pit
 41744 | Snake:2  | Reached XP level 19. HP: 120/130 MP: 30/30
 41784 | Snake:2  | Noticed Norris
 41808 | Snake:2  | Killed Norris
 42041 | Snake:2  | Noticed Aizul
 42068 | Snake:2  | Killed Aizul
 42109 | Snake:2  | Found a burning altar of Makhleb.
 42368 | Snake:3  | Noticed Mara
 42405 | Snake:3  | Noticed sugabear's illusion
 42430 | Snake:3  | Killed Mara
 42437 | Snake:3  | Reached skill level 18 in Shields
 42751 | Snake:3  | Noticed Vashnia
 42860 | Snake:3  | Killed Vashnia
 42990 | Snake:4  | Entered Level 4 of the Snake Pit
 43105 | Snake:3  | Identified the Almanac of Blistering Bewitchment (You found it on level 3 of the Snake Pit)
 43365 | Snake:3  | Found Bafeod's Antique Weapon Shoppe.
 43387 | Snake:3  | Noticed Nikola
 43417 | Snake:3  | Killed Nikola
 43806 | Snake:4  | Found Miunulex's General Store.
 43915 | Snake:4  | Bought a bread ration for 75 gold pieces
 43915 | Snake:4  | Bought a potion of mutation for 37 gold pieces
 43915 | Snake:4  | Bought a scroll of remove curse for 45 gold pieces
 43915 | Snake:4  | Bought a scroll of recharging for 142 gold pieces
 43915 | Snake:4  | Bought a potion of heal wounds for 75 gold pieces
 44838 | Snake:4  | Reached XP level 20. HP: 104/138 MP: 31/31
 44963 | Snake:4  | Got a serpentine rune of Zot
 45384 | Vaults:1 | Entered Level 1 of the Vaults
 45593 | Vaults:1 | Found Veusew's Food Shop.
 45645 | Vaults:1 | Bought a bread ration for 70 gold pieces
 45645 | Vaults:1 | Bought a meat ration for 70 gold pieces
 45645 | Vaults:1 | Bought a meat ration for 70 gold pieces
 45645 | Vaults:1 | Bought a bread ration for 70 gold pieces
 47321 | Vaults:2 | Found a staircase to the Crypt.
 47439 | Vaults:2 | Reached skill level 19 in Shields
 47832 | Vaults:2 | Noticed Asterion
 47854 | Vaults:2 | Killed Asterion
 48308 | Vaults:2 | Reached XP level 21. HP: 143/145 MP: 33/33
 49819 | Elf:3    | Killed braveplatypus's ghost
 50237 | Elf:3    | Noticed a deep elf blademaster
 50269 | Elf:3    | Killed a deep elf blademaster
 50376 | Elf:3    | Noticed a deep elf master archer
 50388 | Elf:3    | Noticed a deep elf blademaster
 50421 | Elf:3    | Killed a deep elf blademaster
 50430 | Elf:3    | Killed a deep elf master archer
 50679 | Elf:3    | Got a shimmering short sword {speed}
 50680 | Elf:3    | Identified the +2 short sword "Peseled" {speed, *Drain rC+ MR+++} (You took it off a deep elf sorcerer on level 3 of the Elven Halls)
 50698 | Elf:3    | Lost intelligence.
 50699 | Elf:3    | Gained mutation: You are clumsy. (Dex -2) [a neqoxec]
 51160 | Elf:3    | Lost intelligence.
 51369 | Elf:3    | Got a sparkling lead ring
 51371 | Elf:3    | Got a pitted leather armour
 51382 | Elf:3    | Identified the +2 leather armour "Cetoa" {MP+9 Str+2 Dex-2} (You took it off a deep elf knight on level 3 of the Elven Halls)
 51834 | Elf:3    | Noticed a deep elf master archer
 51887 | Elf:3    | Killed a deep elf master archer
 51960 | Elf:3    | Identified the ring of Fun {MR+ Dex+3} (You took it off a deep elf knight on level 3 of the Elven Halls)
 52289 | Elf:3    | Got a smoking chain mail
 52300 | Elf:3    | Identified the +7 chain mail "Rig Doups" {rC+ MR- Slay+2} (You took it off a deep elf priest on level 3 of the Elven Halls)
 52351 | Elf:3    | Got a slimy hand crossbow
 52352 | Elf:3    | Identified the cursed +1 hand crossbow of Classification {elec, Dex+2} (You found it on level 3 of the Elven Halls)
 52450 | Elf:3    | Got a sparkling jade amulet
 52452 | Elf:3    | Identified the amulet "Viustube" {Inacc Int+6 Dex-5} (You found it on level 3 of the Elven Halls)
 52493 | Elf:3    | Identified the Catalogue of Curses and Shape Shifting (You found it on level 3 of the Elven Halls)
 53272 | Vaults:3 | Reached skill level 15 in Fighting
 53435 | Vaults:3 | Noticed Wiglaf
 53470 | Vaults:3 | Killed Wiglaf
 53864 | Vaults:3 | Reached XP level 22. HP: 125/154 MP: 34/34
 54157 | Vaults:3 | Reached skill level 20 in Shields
 55040 | Vaults:4 | Reached skill level 15 in Polearms
 55249 | Vaults:4 | Found Pyrhujyu's General Store.
 55257 | Vaults:4 | Bought a meat ration for 115 gold pieces
 55257 | Vaults:4 | Bought a scroll of identify for 46 gold pieces
 56469 | Vaults:5 | Entered Level 5 of the Vaults
 56547 | Crypt:1  | Entered Level 1 of the Crypt
 56743 | Crypt:1  | Noticed Xtahua
 56768 | Crypt:1  | Killed Xtahua
 56783 | Crypt:1  | Paralysed by a vampire knight for 7 turns
 57026 | Crypt:1  | Noticed Mennas
 57063 | Crypt:1  | Noticed Saint Roka
 57263 | Vaults:2 | Killed Mennas
 57841 | Crypt:1  | Reached XP level 23. HP: 76/159 MP: 36/36
 58237 | Vaults:2 | Killed Saint Roka
 59340 | Crypt:3  | Entered Level 3 of the Crypt
 59498 | Crypt:2  | Reached skill level 1 in Long Blades
 60373 | Crypt:3  | Reached skill level 21 in Shields
 60391 | Crypt:3  | Noticed Frederick
 60433 | Crypt:3  | Killed Frederick
 60479 | Crypt:3  | Gained mutation: Your spells are harder to cast, but more powerful. [potion of beneficial mutation]
 60781 | Crypt:3  | Found an ancient bone altar of Kikubaaqudgha.
 61248 | Crypt:3  | Noticed Jory
 61319 | Crypt:3  | Killed Jory
 61326 | Crypt:3  | Got an ancient great sword {venom}
 61332 | Crypt:3  | Identified the +4 great sword "Newtslayer" {venom, Str+6} (You took it off Jory on level 3 of the Crypt)
 61790 | Crypt:3  | Got a twisted morningstar
 61791 | Crypt:3  | Identified the +5 morningstar "Timm" {crush, *Rage +Inv rF+ Int-3} (You found it on level 3 of the Crypt)
 61836 | Crypt:3  | Found a staircase to the Tomb.
 61846 | Crypt:3  | Reached skill level 15 in Evocations
 62595 | Crypt:3  | Reached XP level 24. HP: 129/167 MP: 36/36
 64522 | Depths:1 | Entered Level 1 of the Depths
 64718 | D:15     | Reached skill level 5 in Long Blades
 65584 | D:6      | Fell from the grace of Elyvilon
 65584 | D:6      | Became a worshipper of the Shining One
 65584 | D:6      | Reached * piety under the Shining One
 66007 | Tomb:1   | Entered Level 1 of the Tomb of the Ancients
 66010 | Tomb:1   | Reached ** piety under the Shining One
 66174 | Tomb:1   | Reached *** piety under the Shining One
 66283 | Tomb:1   | Noticed a greater mummy
 67007 | Tomb:1   | Killed a greater mummy
 67457 | Depths:1 | Reached skill level 22 in Shields
 68176 | D:15     | Reached **** piety under the Shining One
 68737 | Depths:2 | Found a one-way gate to the infinite horrors of the Abyss.
 68912 | Depths:2 | Found a gateway to Hell.
 69100 | Depths:2 | Reached ***** piety under the Shining One
 69100 | Depths:2 | Noticed a juggernaut
 69193 | Depths:2 | HP: 7/169 [juggernaut (68)]
 69195 | Depths:2 | Slain by a deep troll

Action                   |  1- 3 |  4- 6 |  7- 9 | 10-12 | 13-15 | 16-18 | 19-21 | 22-24 || total
-------------------------+-------+-------+-------+-------+-------+-------+-------+-------++-------
Melee: War axe           |    91 |   100 |    11 |       |       |       |       |       ||   202
       Spear             |       |   159 |   252 |  1097 |  1830 |  2461 |  2383 |  3369 || 11551
       Trident           |       |       |       |       |       |       |    39 |       ||    39
       Short sword       |       |       |       |       |       |       |     2 |       ||     2
       Eudemon blade     |       |       |       |       |       |       |       |    83 ||    83
Invok: Greater Healing   |       |       |       |     1 |     5 |    23 |    10 |    26 ||    65
       Lesser Healing    |       |       |       |       |     2 |       |       |       ||     2
       Purification      |       |       |       |       |       |     1 |       |       ||     1
       Divine Shield     |       |       |       |       |       |       |       |     2 ||     2
 Abil: Spit Poison       |       |       |       |       |     3 |       |       |     1 ||     4
       Fly               |       |       |       |       |     1 |       |       |       ||     1
Evoke: Wand              |       |       |     1 |     1 |     5 |     3 |       |       ||    10
       Rod               |       |       |       |    35 |    51 |   108 |   153 |   104 ||   451
  Use: Scroll            |       |       |       |     1 |    28 |    10 |     5 |    14 ||    58
       Potion            |       |       |       |       |    12 |     8 |     2 |    19 ||    41
 Stab: Paralysed         |       |       |       |     2 |     4 |     2 |       |     2 ||    10
       Distracted        |       |       |       |     5 |     9 |    10 |     7 |    20 ||    51
       Invisible         |       |       |       |       |     5 |       |       |       ||     5
       Petrified         |       |       |       |       |       |     5 |       |       ||     5
       Petrifying        |       |       |       |       |       |     4 |       |       ||     4
  Eat: Chunk             |       |     3 |    16 |    34 |    38 |    41 |    27 |    24 ||   183
       Royal jelly       |       |     1 |       |     1 |       |     1 |       |       ||     3
       Fruit             |       |     1 |       |     5 |    15 |    12 |       |     1 ||    34
       Beef jerky        |       |       |     2 |       |     1 |     6 |     8 |     2 ||    19
       Pizza             |       |       |       |     3 |     3 |     3 |     3 |       ||    12
       Meat ration       |       |       |       |       |     1 |     5 |     2 |     2 ||    10
       Bread ration      |       |       |       |       |       |       |     2 |     9 ||    11
